 Dungeon Crawl Stone Soup version 0.32-a0-17-gb74e046682 (webtiles) character file.

Game seed: 11171262253756128673

807174 gohu the Axe Maniac (level 27, -1/273 HPs)
             Began as a Hill Orc Fighter on Jan 14, 2024.
             Was the Champion of Zin.
             Incinerated by a balrug (21 damage)
             ... with a pyre arrow
             ... on level 7 of the Abyss on Jan 15, 2024.
             The game lasted 05:03:48 (73000 turns).

gohu the Axe Maniac (Hill Orc Fighter)             Turns: 73000, Time: 05:03:48

Health: -1/273     AC: 54    Str: 54    XL:     27
Magic:  24/40      EV: 21    Int: 20    God:    Zin [******]
Gold:   2182       SH: 35    Dex: 25    Spells: 30/31 levels left

rFire   . . .        p - +9 broad axe (holy)
rCold   + + .        Z - +7 tower shield {AC+3}
rNeg    + + +        B - +9 crystal plate armour of Protective Custody {Fly Slay+5}
rPois   ∞            v - +1 helmet of the Guild-Master {rElec rN+ Int-5 Slay+6}
rElec   +            h - scarf of the Furies {repulsion, +Blink}
rCorr   +            S - +1 pair of gloves "Yfat" {rC+ rN+ Int+3 SInv}
SInv    +            O - +3 pair of mountain boots {steadfast, rC+}
Will    +++..        j - amulet "Dacsoi" {rC- rN+ Regen+ rCorr Dex+6} Stlth
                     F - ring of Yredelemnul's Outrage {rPois Str+6 Slay+5}
HPRegen 1.45/turn    y - ring "Kuogegot" {rC+ rN+ Will+ Str+6 Int+5}
MPRegen 0.27/turn

%: repel missiles
@: on fire, vitalised, about to teleport, flying, glowing, studying Air Magic
A: no striking features
}: 5/15 runes: serpentine, barnacled, slimy, silver, abyssal
a: Renounce Religion, Evoke Blink, Recite, Vitalisation, Imprison, Sanctuary,
Donate Gold


You were on level 7 of the Abyss.
You worshipped Zin.
Zin was exalted by your worship.
You visited 15 branches of the dungeon, and saw 64 of its levels.
You visited the Abyss 2 times.
You visited 1 bazaar.
You also visited: Trove, Sewer, Bailey, Gauntlet, Volcano and Wizlab.

You collected 10707 gold pieces.
You spent 6268 gold pieces at shops.
You donated 2257 gold pieces to Zin.

Inventory:

Hand Weapons
 m - a +3 broad axe of freezing
 p - a +9 broad axe of holy wrath (weapon)
Missiles
 k - 37 boomerangs (quivered)
 l - 6 throwing nets
 r - 24 javelins
 Y - 16 silver javelins
Armour
 b - a +1 cloak of fire resistance
 c - a +2 tower shield of poison resistance
 d - the +2 pair of boots of Apathy {rN+ Int+2}
   (You found it in a treasure trove)

   Int+2:     It affects your intelligence (+2).
   rN+:       It protects you from negative energy.
 h - the scarf of the Furies (worn) {repulsion, +Blink}
   (You found it in a treasure trove)

   +Blink:    It lets you blink.
 v - the +1 helmet of the Guild-Master (worn) {rElec rN+ Int-5 Slay+6}
   (You found it on level 4 of the Snake Pit)

   Int-5:     It affects your intelligence (-5).
   Slay+6:    It affects your accuracy & damage with ranged weapons and melee
   (+6).
   rElec:     It insulates you from electricity.
   rN+:       It protects you from negative energy.
 B - the +9 crystal plate armour of Protective Custody (worn) {Fly Slay+5}
   (You acquired it on level 3 of the Snake Pit)

   Slay+5:    It affects your accuracy & damage with ranged weapons and melee
   (+5).
   Fly:       It grants you flight.
 O - the +3 pair of mountain boots (worn) {steadfast, rC+}
   (You found it in a Gauntlet)

   Steadfast: It prevents involuntary movement, except for blinking,
   teleportation, or banishment.
   rC+:       It protects you from cold.
 S - the +1 pair of gloves "Yfat" (worn) {rC+ rN+ Int+3 SInv}
   (You found it in a treasure trove)

   Int+3:     It affects your intelligence (+3).
   rC+:       It protects you from cold.
   rN+:       It protects you from negative energy.
   SInv:      It lets you see invisible.
 Z - a +7 tower shield of protection (worn)
Jewellery
 j - the amulet "Dacsoi" (around neck) {rC- rN+ Regen+ rCorr Dex+6}
   (You bought it in a shop on level 5 of the Vaults)

   [amulet of regeneration]

   Dex+6:     It affects your dexterity (+6).
   rC-:       It makes you vulnerable to cold.
   rN+:       It protects you from negative energy.
   Regen+:    It increases your rate of health regeneration.
   rCorr:     It protects you from acid and corrosion.
 q - a ring of protection from cold
 y - the ring "Kuogegot" (right hand) {rC+ rN+ Will+ Str+6 Int+5}
   (You found it on level 1 of the Shoals)

   [ring of strength]

   Str+6:     It affects your strength (+6).
   Int+5:     It affects your intelligence (+5).
   rC+:       It protects you from cold.
   rN+:       It protects you from negative energy.
   Will+:     It increases your willpower.
 z - a ring of see invisible
 D - an amulet of faith
 F - the ring of Yredelemnul's Outrage (left hand) {rPois Str+6 Slay+5}
   (You found it on level 15 of the Dungeon)

   [ring of strength]

   Str+6:     It affects your strength (+6).
   Slay+5:    It affects your accuracy & damage with ranged weapons and melee
   (+5).
   rPois:     It protects you from poison
 J - the ring "Kuqukk" {rPois rF+ Will++ Str+3 Stlth+}
   (You found it on level 5 of the Pits of Slime)

   [ring of protection from fire]

   Str+3:     It affects your strength (+3).
   rF+:       It protects you from fire.
   rPois:     It protects you from poison Will++: It greatly increases your
   willpower.
   Stlth+:    It makes you more stealthy.
 M - the ring "Viekk" {*Slow rPois Will+ Int-3 Slay+6}
   (You found it on level 3 of the Crypt)

   [ring of willpower]

   Int-3:     It affects your intelligence (-3).
   Slay+6:    It affects your accuracy & damage with ranged weapons and melee
   (+6).
   rPois:     It protects you from poison Will+: It increases your willpower.
   *Slow:     It may slow you when you take damage.
Wands
 o - a wand of light (35)
 t - a wand of digging (21)
 A - a wand of iceblast (29)
 P - a wand of mindburst (29)
 T - a wand of charming (54)
 V - a wand of polymorph (17)
Scrolls
 e - 2 scrolls of butterflies
 f - 17 scrolls of teleportation
 n - 3 scrolls of enchant weapon
 w - 3 scrolls of immolation
 E - 12 scrolls of poison
 G - 11 scrolls of blinking
 H - 13 scrolls of fear
 L - 6 scrolls of fog
 U - 2 scrolls of silence
 X - 10 scrolls of revelation
Potions
 a - 4 potions of lignification
 g - 16 potions of curing
 i - 7 potions of brilliance
 s - 4 potions of invisibility
 u - 7 potions of resistance
 x - 14 potions of haste
 C - 6 potions of might
 I - 8 potions of heal wounds
 K - 2 potions of magic
 N - 3 potions of mutation
 Q - 3 potions of cancellation
 R - 2 potions of attraction


   Skills:
 O Level 27 Fighting
 - Level 1.4 Long Blades
 O Level 27 Axes
 - Level 1.3 Staves
 - Level 17.8 Throwing
 O Level 27 Armour
 + Level 14.3 Dodging
 O Level 27 Shields
 + Level 2.6 Spellcasting
 - Level 1.6 Conjurations
 - Level 1.6 Hexes
 - Level 1.5 Summonings
 - Level 1.1 Necromancy
 + Level 3.2 Translocations
 - Level 1.9 Fire Magic
 - Level 1.3 Ice Magic
 - Level 1.0 Earth Magic
 - Level 0.8 Alchemy
 O Level 27 Invocations
 - Level 12.3 Evocations


You had 30 spell levels left.
You knew the following spells:

 Your Spells              Type           Power      Damage    Failure   Level
a - Apportation           Tloc           30%        N/A       10%         1

Your spell library contained the following spells:

 Spells                   Type           Power      Damage    Failure   Level
 Blink                    Tloc           30%        N/A       16%         2
 Foxfire                  Conj/Fire      36%        2x1d5     19%         1
 Magic Dart               Conj           36%        1d4       21%         1
 Summon Small Mammal      Summ           36%        N/A       21%         1
 Freeze                   Ice            32%        1d5       22%         1
 Necrotise                Necr           28%        1d5       24%         1
 Sting                    Conj/Alch      28%        1d4       24%         1
 Shock                    Conj/Air       20%        1d4       28%         1
 Ensorcelled Hibernation  Hex/Ice        16%        N/A       30%         2
 Jinxbite                 Hex            18%        N/A       30%         2
 Searing Ray              Conj           18%        2d5       30%         2
 Gell's Gravitas          Tloc           15%        N/A       30%         3
 Teleport Other           Tloc           15%        N/A       30%         3
 Sublimation of Blood     Necr           7%         N/A       36%         2
 Volatile Blastmotes      Fire/Tloc      26%        2d12      36%         3
 Cigotuvi's Dreadful Rot  Necr/Alch/Air  10%        N/A       41%         2
 Mercury Vapours          Alch/Air       8%         N/A       45%         2
 Inner Flame              Hex/Fire       9%         N/A       50%         3
 Call Canine Familiar     Summ           9%         N/A       52%         3
 Dazzling Flash           Conj/Hex       18%        N/A       52%         3
 Sigil of Binding         Hex            9%         N/A       52%         3
 Frozen Ramparts          Ice            16%        1d3       54%         3
 Hailstorm                Conj/Ice       8%         3d5       54%         3
 Ozocubu's Armour         Ice            8%         N/A       54%         3
 Summon Ice Beast         Ice/Summ       8%         N/A       54%         3
 Fugue of the Fallen      Necr           7%         N/A       58%         3
 Passwall                 Erth           6%         N/A       58%         3
 Mephitic Cloud           Conj/Alch/Air  5%         N/A       63%         3
 Swiftness                Air            2%         N/A       75%         3
 Dimensional Bullseye     Hex/Tloc       6%         N/A       80%         4
 Iskenderun's Mystic Bla  Conj/Tloc      12%        2d5       80%         4
 Flame Wave               Conj/Fire      9%         2d6       88%         4
 Summon Blazeheart Golem  Fire/Summ      9%         N/A       88%         4
 Vhi's Electric Charge    Tloc/Air       18%        N/A       89%         4
 Anguish                  Hex/Necr       4%         N/A       91%         4
 Brom's Barrelling Bould  Conj/Erth      8%         2d3       91%         4
 Ignite Poison            Fire/Alch      8%         N/A       91%         4
 Sticky Flame             Fire/Alch      8%         2d4       91%         4
 Animate Armour           Summ/Erth      14%        N/A       92%         4
 Fulminant Prism          Conj/Alch      3%         3d5       93%         4
 Leda's Liquefaction      Alch/Erth      3%         N/A       95%         4
 Olgreb's Toxic Radiance  Alch           5%         N/A       95%         4
 Petrify                  Alch/Erth      6%         N/A       95%         4
 Summon Lightning Spire   Summ/Air       5%         N/A       95%         4
 Summon Forest            Summ/Tloc      6%         N/A       98%         5
 Fireball                 Conj/Fire      4%         3d4       99%         5
 Iskenderun's Battlesphe  Conj           9%         2d6       99%         5
 Metabolic Englaciation   Hex/Ice        4%         N/A       99%         5
 Summon Mana Viper        Hex/Summ       9%         N/A       99%         5
 Alistair's Intoxication  Alch           3%         N/A       100%        5
 Arcjolt                  Conj/Air       2%         1d12      100%        5
 Borgnjor's Vile Clutch   Necr/Erth      3%         N/A       100%        5
 Freezing Cloud           Conj/Ice/Air   3%         6-21      100%        5
 Irradiate                Conj/Alch      3%         3d12      100%        5
 Lee's Rapid Deconstruct  Erth           3%         3d5*      100%        5
 Silence                  Hex/Air        2%         N/A       100%        5
 Yara's Violent Unravell  Hex/Alch       3%         3d4       100%        5
 Bombard                  Conj/Erth      4%         9d2       100%        6
 Conjure Ball Lightning   Conj/Air       2%         3x3d6     100%        6
 Dispersal                Tloc           7%         N/A       100%        6
 Eringya's Noxious Bog    Alch           2%         4d6       100%        6
 Plasma Beam              Fire/Air       3%         2x1d13    100%        6
 Sculpt Simulacrum        Ice/Alch       3%         N/A       100%        6
 Starburst                Conj/Fire      4%         6d4       100%        6
 Enfeeble                 Hex            4%         N/A       100%        7
 Monstrous Menagerie      Summ           4%         N/A       100%        7
 Orb of Destruction       Conj           4%         9d5       100%        7
 Ozocubu's Refrigeration  Ice            4%         4d8       100%        7
 Spellforged Servitor     Conj/Summ      4%         N/A       100%        7
 Summon Hydra             Summ           4%         N/A       100%        7
 Discord                  Hex            4%         N/A       100%        8
 Disjunction              Tloc           7%         N/A       100%        8
 Ignition                 Fire           5%         3d4       100%        8
 Maxwell's Capacitive Co  Air            1%         ∞         100%        8
 Chain Lightning          Conj/Air       2%         3d3       100%        9
 Fire Storm               Conj/Fire      4%         8d1       100%        9
 Shatter                  Erth           3%         3d7*      100%        9


Dungeon Overview and Level Annotations

Branches:
Dungeon (15/15)            Temple (1/1) D:7            Lair (5/5) D:10
 Shoals (4/4) Lair:3        Snake (4/4) Lair:2        Slime (5/5) Lair:4
    Orc (2/2) D:12            Elf (3/3) Orc:2        Vaults (5/5) D:14
  Crypt (3/3) Vaults:3       Tomb (0/3) Crypt:3      Depths (4/4) D:15
   Hell (visited)             Dis (1/7) Hell            Geh (0/7) Hell
    Coc (0/7) Hell            Tar (6/7) Hell            Zot (5/5) Depths:4
  Sewer (visited)          Bailey (visited)         Volcano (visited)
 WizLab (visited)         Gauntlet (visited)

Altars:
Ashenzari
Cheibriados
Dithmenos
Elyvilon
Fedhas
Gozag
Hepliaklqana
Kikubaaqudgha
Makhleb
Nemelex Xobeh
Okawaru
Qazlal
Ru
Sif Muna
Trog
Uskayaw
Vehumet
Wu Jian
Xom
Yredelemnul
Zin
The Shining One
Beogh
Jiyva

Shops:
D:7 =   D:8 *   D:11 (   D:12 :=[   D:13 *   Orc:2 ![[!   Elf:2 (
Shoals:1 (=*=*   Shoals:2 *   Shoals:3 !   Snake:3 ::=[?!   Snake:4 *
Vaults:3 ?   Vaults:5 =[   Depths:1 *

Portals:
Hell: Depths:1 Depths:2 Depths:3 Depths:4
Abyss: Depths:3
Pandemonium: Depths:1 Depths:2
Ziggurat: Depths:4

Annotations:
Lair:5 exclusion: oklob plant
Snake:3 Roxanne


Message History

The thrashing horror roars!
You slice the sun demon like a ripe choko!!!
You kill the sun demon!
The liquid fire burns you!
* * * LOW HITPOINT WARNING * * *
You hear a roar!
The raiju burns!
The black draconian knight misses you.
The raiju shakes off the sticky flame as it moves.
You slash the black draconian knight!
The black draconian knight is heavily wounded.
You slice the smoke demon!!
The smoke demon convulses!
You slice the raiju like a ripe choko!!!
You kill the raiju!
The liquid fire burns you!
* * * LOW HITPOINT WARNING * * *
You hear a roar!
A thrashing horror comes into view.
The black draconian knight misses you.
The thrashing horror moves out of view.
You slice the black draconian knight!!
The black draconian knight is severely wounded.
You slash the smoke demon!
You kill the smoke demon!
You slash the balrug!
The balrug convulses!
The liquid fire burns you!
* * * LOW HITPOINT WARNING * * *
A thrashing horror comes into view.
The raiju bursts into living lightning!
The living lightning misses you.
The living lightning hits the raiju.
The raiju completely resists.
The living lightning hits the thrashing horror.
The thrashing horror resists.
The raiju blinks! x2
You block the black draconian knight's attack.
You hear a roar!
Activating: Sanctuary (0% risk of failure)
Press: ? - help, Dir - look around, f - activate You hear a choir sing!
By Zin's power, all blood is cleared from the sanctuary.
The monsters scatter in all directions!
The liquid fire burns you!
You die...

. . . . #§§# ..
. ##.X# . ..
...... # .. ..hX
..# #. #.X# ..##
z##..##Dh##.....
......).2......
.......@qX.§§..
.##..##.*##X.##
. #. #.2# .# .
..Y3 . . ..*....
. . #..##..##. .
#.. #..# .. ...
.... .. . ....
..


You could see a hellephant (fleeing, catching breath), a shadow dragon
(fleeing), a black draconian knight (invisible, fleeing), a balrug (fleeing), a
green death (fleeing), a wretched star (fleeing), 5 thrashing horrors, 2 raiju,
a neqoxec (fleeing) and a lurking horror (fleeing).

Vanquished Creatures
  the Royal Jelly (Slime:5)
  3 dread liches
  6 orbs of fire
  10 ancient liches
  Mara (Vaults:5)
  Josephina (Zot:4)
  Sojobo (Vaults:4)
  Boris (Depths:3)
  Bai Suzhen (Depths:1)
  The ghost of Noatwadiu the Warrior, a veteran OnGl of Okawaru (Depths:1)
  The ghost of Heokhletz the Warrior, a veteran OnGl of Okawaru (Depths:1)
  The ghost of Afra the Sorcerer, a veteran FoHs of Okawaru (Depths:1)
  5 Killer Klowns
  Saint Roka (Depths:1)
  The ghost of Gaexku the Warrior, a veteran DrSh of Okawaru (Depths:1)
  6 curse toes
  Geryon (Hell)
  9 golden dragons
  Jory (Depths:4)
  Norris (Vaults:1)
  Nikola (Snake:2)
  24 bone dragons
  5 profane servitors
  A pearl dragon (Abyss:7)
  15 doom hounds
  3 electric golems
  7 Tzitzimimeh
  A hellephant (Abyss:1)
  17 tentacled monstrosities
  11 tainted leviathans
  A walking crystal tome (Depths:3)
  A walking earthen tome (Abyss:5)
  A Hell Sentinel (Dis:1)
  6 liches
  Mlioglotl (Shoals:3)
  25 Orb Guardians
  2 shard shrike skeletons
  Asterion (Snake:4)
  7 quicksilver dragons
  2 walking divine tomes (Depths:3)
  3 deep elf blademasters
  A titan (Depths:3)
  Grunn (Depths:4)
  The ghost of Flugslaktarn the Warrior, an adept MiFi of Okawaru (Depths:1)
  2 deep elf master archers (Elf:3)
  2 Executioners (Abyss:7)
  16 acid blobs
  A kraken (Abyss:1)
  9 ancient champions
  10 sphinxes
  The ghost of Gouluvih the Acrobat, an adept FeSh of Jiyva (Crypt:3)
  12 death cobs
  Gastronok (D:8)
  13 shadow dragons
  9 tengu reavers
  16 tentacled starspawn
  10 storm dragons
  The ghost of Offakuizui the Destroyer, an adept HuCj of Sif Muna (Shoals:1)
  Aizul (Snake:1)
  2 daevas (Abyss:5)
  3 draconian knights
  9 draconian monks
  7 rockslimes
  11 azure jellies
  5 nagarajas
  2 revenants (Crypt:3)
  4 balrugs
  14 fire giants
  3 protean progenitors
  10 frost giants
  14 vault wardens
  4 deep elf sorcerers (Elf:3)
  12 draconian shifters
  Louise (D:15)
  2 deep elf elementalists
  A juggernaut zombie (Depths:4)
  An iron dragon (Hell)
  9 draconian scorchers
  3 cacodemons
  9 ghouls (Crypt:3)
  A spectral juggernaut (Tar:2)
  3 draconian stormcallers
  An angel (Abyss:7)
  3 spectral caustic shrikes
  6 ghost moths
  A curse skull (Crypt:1)
  A spriggan defender (Depths:3)
  11 draconian annihilators
  2 formless jellyfish
  20 ironbound preservers
  An ophan (Abyss:3)
  13 reapers
  11 ironbound thunderhulks
  11 quicksilver oozes
  12 stone giants
  A juggernaut skeleton (Crypt:3)
  5 caustic shrike skeletons (Crypt:3)
  37 very ugly things
  6 vampire knights
  12 green draconians
  8 deep elf demonologists
  2 spectral titans
  19 putrid mouths
  13 purple draconians
  6 war gargoyles
  16 deep elf death magi
  11 black draconians
  10 white draconians
  5 deep elf annihilators (Elf:3)
  16 red draconians
  10 yellow draconians
  6 lorocyprocas
  An orange crystal statue (WizLab)
  3 minotaurs
  5 eidola
  5 dire elephants
  6 spark wasps
  8 ettins
  3 merfolk javelineers
  7 jiangshi
  A spectral kraken (Shoals:1)
  3 merfolk impalers
  3 blizzard demons
  A green death (Hell)
  A spectral iron giant (Tar:1)
  4 deep elf high priests (Elf:3)
  7 fire dragons
  5 spectral spriggans
  9 ice dragons
  20 yaktaur captains
  Harold (Orc:1)
  12 hydras
  2 salamander tyrants
  A quicksilver dragon skeleton (Depths:4)
  9 great orbs of eyes
  A merfolk aquamancer (Shoals:1)
  6 rakshasas
  6 spriggan air magi
  3 hell beasts
  4 ogre magi
  An anaconda (shapeshifter) (D:13)
  2 catoblepae (Zot:1)
  3 peacekeepers
  27 vault guards
  2 death knights (Abyss:5)
  11 ironbound frosthearts
  2 merfolk avatars
  12 centaur warriors
  A bennu zombie (Crypt:2)
  2 sphinx zombies (Depths:4)
  3 spriggan skeletons
  14 anacondas
  28 dancing weapons
  Erica (D:11)
  13 hell hogs
  6 boulder beetles
  A fenstrider witch skeleton (Crypt:3)
  A two-headed ogre (shapeshifter) (Vaults:5)
  19 naga warriors
  A spectral human (Tar:2)
  8 deep troll shamans
  6 death yaks
  2 sphinx skeletons (Depths:4)
  13 two-headed ogres
  6 tengu warriors
  A demonic crawler (Abyss:5)
  6 orc high priests
  13 satyrs
  5 vampire magi
  9 shock serpents
  A spectral naga (Tar:3)
  46 thrashing horrors
  4 spriggan berserkers
  Urug (Lair:2)
  9 deep troll earth magi
  18 naga sharpshooters
  2 storm dragon zombies (Depths:4)
  12 deep elf knights
  2 occultists
  A spectral storm dragon (Tar:1)
  2 shock serpents (shapeshifter)
  2 holy swine (Abyss:6)
  5 spectral dire elephants
  22 hell knights
  25 sun demons
  5 titan skeletons (Crypt:3)
  30 wretched stars
  5 spatial maelstroms
  2 storm dragon skeletons
  A bunyip zombie (Hell)
  A golden dragon zombie (Depths:4)
  9 soul eaters
  3 sixfirhies (Abyss:7)
  Lodul (D:14)
  A death drake (Abyss:5)
  8 salamander mystics
  2 shadow demons (Abyss:7)
  3 flayed ghosts
  An iron giant zombie (Hell)
  4 skysharks
  16 iron trolls
  A mana viper (shapeshifter) (Vaults:5)
  12 shadow wraiths
  2 deep trolls (shapeshifter) (Vaults:5)
  9 mana vipers
  36 skeletal warriors
  5 glowing orange brains
  A bunyip skeleton (Crypt:3)
  79 deep trolls
  14 sea snakes
  13 deep elf archers
  An anaconda zombie (Hell)
  11 phantasmal warriors
  2 spectral anacondas
  8 naga ritualists
  14 harpies
  4 arcanists
  A tengu zombie (Depths:4)
  2 golden dragon skeletons
  19 ironbound convokers
  17 lindwurms
  A shadow dragon zombie (Depths:4)
  12 orc knights
  30 deep elf zephyrmancers
  14 necromancers
  2 shadow dragon skeletons
  An anaconda skeleton (Crypt:3)
  A lindwurm (shapeshifter) (Vaults:5)
  23 deep elf pyromancers
  33 large abominations
  2 iron dragon zombies
  A spectral merfolk (Tar:1)
  2 will-o-the-wisps
  A wolf spider (Vaults:3)
  5 shining eyes
  A harpy (shapeshifter) (Abyss:3)
  8 cyclopes
  35 ugly things
  15 manticores
  8 fauns
  22 salamanders
  5 orc sorcerers
  3 fauns (shapeshifter)
  An alligator skeleton (Hell)
  26 moths of wrath
  20 elephants
  9 worldbinders
  A cyclops (shapeshifter) (Vaults:5)
  A moth of wrath (shapeshifter) (Abyss:3)
  A spectral alligator snapping turtle (Shoals:1)
  4 meliai
  A frost giant skeleton (Depths:2)
  A black mamba (shapeshifter) (D:9)
  3 kobold blastminers
  9 merfolk sirens
  An eye of devastation (shapeshifter) (Vaults:5)
  An elephant (shapeshifter) (Vaults:5)
  2 eyes of devastation
  7 apocalypse crabs
  7 molten gargoyles
  9 water nymphs
  A spectral centaur (Tar:2)
  2 centaur zombies
  46 black mambas
  3 iron dragon skeletons
  12 vault sentinels
  7 guardian serpents
  6 rust devils
  3 orange demons
  2 storm dragon simulacra (Zot:4)
  26 smoke demons
  2 spectral sea snakes (Shoals:1)
  12 cane toads
  20 naga magi
  4 spriggan zombies
  4 dire elephant skeletons
  2 unseen horrors
  A torpor snail (Lair:3)
  A red draconian zombie (Crypt:3)
  4 freezing wraiths
  A swamp worm zombie (Crypt:1)
  2 rime drakes (Lair:5)
  6 komodo dragons
  15 tormentors
  A black draconian zombie (Crypt:1)
  11 hellions
  2 efreet
  38 yaktaurs
  An ice devil (Abyss:3)
  3 kobold demonologists
  A sea snake skeleton (Hell)
  11 spectral harpies
  3 tengu conjurers
  A grey draconian skeleton (Crypt:1)
  18 ancient zymes
  A green draconian skeleton (Crypt:3)
  A silent spectre (Tar:3)
  An iron troll zombie (Crypt:2)
  A black draconian skeleton (Crypt:2)
  3 hydra zombies (Hell)
  A queen bee (shapeshifter) (Vaults:5)
  6 trolls
  7 polar bears
  2 wolf spider simulacra (D:13)
  25 merfolk
  3 hellwings (Abyss:5)
  A moth of wrath zombie (Crypt:1)
  4 wind drakes
  4 hornets
  A hornet (shapeshifter) (Elf:1)
  4 glass eyes
  3 hydra skeletons
  An ettin zombie (Hell)
  39 raiju
  29 blink frogs
  2 harpy skeletons
  A tarantella (shapeshifter) (D:14)
  A fire dragon zombie (Hell)
  2 dream sheep (Shoals:3)
  A dream sheep (shapeshifter) (Vaults:5)
  A spectral black mamba (Tar:1)
  6 shadows
  11 snapping turtles
  17 water elementals
  An air elemental (Elf:1)
  3 spriggans
  98 slime creatures
  48 yaks
  A culicivora (shapeshifter) (D:14)
  7 wyverns
  14 wraiths
  5 basilisks
  8 ynoxinuls
  An ettin skeleton (Hell)
  8 fire bats
  21 small abominations
  2 sea snake simulacra (Hell)
  5 fire elementals
  4 golden eyes
  3 steam dragons
  A black draconian simulacrum (Zot:4)
  17 neqoxecs
  A green draconian simulacrum (Zot:4)
  10 vampire mosquitoes
  A chaos spawn (Abyss:5)
  3 spatial vortices
  3 wargs (Orc:2)
  2 acid dragons
  2 glowing shapeshifter zombies (Depths:4)
  60 nagas
  A naga skeleton (Crypt:3)
  An acid dragon (shapeshifter) (Elf:3)
  A naga zombie (Hell)
  9 water moccasins
  A spectral snapping turtle (Shoals:1)
  A glowing shapeshifter skeleton (Depths:4)
  A sky beast (D:8)
  A hell hound (Depths:3)
  2 black bears (D:4)
  A water nymph skeleton (Crypt:3)
  An ice beast (D:7)
  27 laughing skulls
  41 orc warriors
  A black bear (shapeshifter) (Elf:1)
  15 ogres
  A tengu (shapeshifter) (D:13)
  11 wolves
  3 boggarts (Vaults:1)
  28 centaurs
  44 starcursed masses
  A phantom (D:4)
  5 weeping skulls
  5 kobold brigands
  2 brain worms (Abyss:3)
  A salamander zombie (Crypt:2)
  6 earth elementals
  10 bullfrogs
  2 gnoll sergeants
  2 scorpions
  3 necrophages (Crypt:3)
  A wyvern zombie (Crypt:1)
  24 wights
  A water moccasin skeleton (Crypt:1)
  A queen bee zombie (Crypt:2)
  15 killer bees
  5 electric eels
  5 howler monkeys
  6 lava snakes
  3 bombardier beetles
  2 quasits (Abyss:3)
  7 hounds
  7 jellies
  32 orc priests
  A sleepcap (D:6)
  2 centaur skeletons (Crypt:3)
  Natasha (twice) (D:4)
  5 iguanas
  20 orc wizards
  4 hell rats (Hell)
  21 gnolls
  4 adders
  A river rat (D:4)
  A steam dragon skeleton (Crypt:3)
  2 shadow imps
  9 white imps
  10 ufetubi
  A ribbon worm (D:2)
  3 dart slugs
  81 orcs
  5 bats
  13 endoplasms
  4 giant cockroaches (D:4)
  10 hobgoblins
  7 jackals
  5 quokkas
  3 ball pythons
  3 frilled lizards (D:1)
  A gnoll skeleton (Crypt:1)
  13 goblins
  A jackal skeleton (Crypt:3)
  26 kobolds
  7 rats
  2 lurking horrors
  20 starspawn tentacles
  A tentacle (Abyss:1)
3286 creatures vanquished.

Vanquished Creatures (others)
  A naga sharpshooter (Snake:4)
  A deep elf zephyrmancer (Elf:1)
  2 smoke demons (Abyss:5)
  A guardian serpent (Snake:2)
  2 blink frogs (Abyss:5)
  A golden eye (Abyss:5)
  A small abomination (Abyss:1)
  2 orc wizards
  4 orcs
  16 foxfires
  A lurking horror (Abyss:5)
  24 starspawn tentacles
  3 tentacles (Abyss:1)
59 creatures vanquished.

Grand Total: 3345 creatures vanquished

Notes
Turn   | Place    | Note
-------+----------+-------------------------------------------
     0 | D:1      | gohu the Hill Orc Fighter began the quest for the Orb.
     0 | D:1      | Reached XP level 1. HP: 19/19 MP: 1/1
   137 | D:1      | Reached XP level 2. HP: 26/27 MP: 2/2
   542 | D:1      | Reached XP level 3. HP: 33/33 MP: 3/3
  1006 | D:2      | Identified the +3 quarterstaff "Adyamycs" {holy, rF+ rN+}
  1506 | D:4      | Found a glowing drain.
  1517 | D:4      | Reached XP level 4. HP: 29/40 MP: 4/4
  1532 | Sewer    | Entered a sewer
  1620 | Sewer    | Noticed a kobold brigand
  1621 | Sewer    | Noticed a kobold brigand
  1630 | Sewer    | Killed a kobold brigand
  1631 | Sewer    | Reached skill level 5 in Axes
  1631 | Sewer    | Reached XP level 5. HP: 39/47 MP: 5/5
  1635 | Sewer    | Killed a kobold brigand
  1772 | Sewer    | Found a white marble altar of Elyvilon.
  1781 | Sewer    | Became a worshipper of Elyvilon the Healer
  1852 | D:4      | Reached XP level 6. HP: 45/53 MP: 6/6
  2115 | D:3      | Identified the +8 falchion of Brawling {drain, rCorr Str+4}
  2351 | D:3      | Reached * piety under Elyvilon
  2502 | D:3      | Found a sacrificial altar of Ru.
  2936 | D:4      | Noticed a black bear
  2943 | D:4      | Killed a black bear
  2944 | D:4      | Reached XP level 7. HP: 55/60 MP: 7/7
  3072 | D:5      | Entered Level 5 of the Dungeon
  3155 | D:4      | Noticed Natasha
  3158 | D:4      | Killed Natasha
  3183 | D:4      | Noticed Natasha
  3287 | D:4      | Reached ** piety under Elyvilon
  3302 | D:4      | Reached skill level 5 in Fighting
  3351 | D:4      | Found a shimmering blue altar of Sif Muna.
  3542 | D:4      | Killed Natasha
  3686 | D:5      | Got Golubria's Information on the Door
  3787 | D:5      | Reached XP level 8. HP: 45/68 MP: 8/8
  3890 | D:5      | Found a shadowy altar of Dithmenos.
  3905 | D:5      | Reached skill level 10 in Axes
  4308 | D:5      | Reached skill level 5 in Armour
  4367 | D:5      | Found a white marble altar of Elyvilon.
  4458 | D:5      | Found a snail-covered altar of Cheibriados.
  4473 | D:5      | Found a glowing silver altar of Zin.
  4675 | D:6      | Reached *** piety under Elyvilon
  4948 | D:6      | Reached XP level 9. HP: 64/75 MP: 9/9
  5307 | D:6      | Reached skill level 1 in Invocations
  5841 | D:7      | Found a staircase to the Ecumenical Temple.
  6064 | D:8      | Noticed Gastronok
  6080 | D:8      | HP: 1/75 [Gastronok (32)]
  6087 | D:8      | Killed Gastronok
  6088 | D:8      | Reached skill level 1 in Throwing
  6146 | D:8      | Reached XP level 10. HP: 46/84 MP: 10/12
  6404 | D:8      | Found a flagged portal.
  6416 | Bailey   | Entered a bailey
  6485 | Bailey   | Noticed an orc knight
  6598 | Bailey   | Killed an orc knight
  6691 | Bailey   | Reached skill level 5 in Invocations
  6699 | Bailey   | Reached skill level 15 in Axes
  6795 | Bailey   | Identified the +8 shortbow of Chance {heavy, Int+4}
  7029 | D:7      | Found Zitahuo's Jewellery Shoppe.
  7070 | D:7      | Bought an amulet of faith for 640 gold pieces
  7775 | D:8      | Reached **** piety under Elyvilon
  7777 | D:8      | Identified the +6 rapier of Vanity {venom, *Rage rPois rF+}
  7799 | D:8      | Found Xubromewu's Assorted Antiques.
  7826 | D:8      | Bought a thin sapphire amulet for 170 gold pieces
  7826 | D:8      | Bought a scroll labelled HUZUAR BUMPAHU for 34 gold pieces
  8291 | D:10     | Entered Level 10 of the Dungeon
  8354 | D:9      | Found an ancient bone altar of Kikubaaqudgha.
  8431 | D:9      | Reached XP level 11. HP: 62/94 MP: 15/15
  8682 | D:9      | Elyvilon protects you from harm!
  8828 | D:9      | Noticed a red ugly thing
  8837 | D:9      | Killed a red ugly thing
  8838 | D:9      | Noticed a centaur warrior
  8850 | D:9      | Noticed a deep elf pyromancer
  8854 | D:9      | Killed a centaur warrior
  9061 | D:9      | Killed a deep elf pyromancer
  9455 | D:9      | Noticed a centaur warrior
  9476 | D:9      | Killed a centaur warrior
  9876 | D:10     | Noticed a two-headed ogre
  9897 | D:10     | Killed a two-headed ogre
 10047 | D:10     | Found a staircase to the Lair.
 10713 | D:10     | Reached ***** piety under Elyvilon
 10791 | D:10     | Reached XP level 12. HP: 76/103 MP: 18/18
 10900 | Lair:1   | Entered Level 1 of the Lair of Beasts
 11530 | Lair:1   | Noticed a dire elephant
 11910 | Lair:2   | Noticed Urug
 11920 | Lair:2   | Killed Urug
 11931 | Lair:2   | Reached skill level 10 in Fighting
 12065 | Lair:1   | Killed a dire elephant
 12066 | Lair:1   | Reached skill level 10 in Armour
 12159 | Lair:1   | Reached skill level 10 in Invocations
 12472 | Lair:3   | Found a gate leading to a gauntlet.
 12492 | Gauntlet | Entered a Gauntlet
 12492 | Gauntlet | Found a transporter.
 12492 | Gauntlet | Found a transporter.
 12499 | Gauntlet | Found a transporter.
 12503 | Gauntlet | Found a transporter.
 12505 | Gauntlet | Found a large runed translucent door.
 12506 | Gauntlet | Found a large runed translucent door.
 12507 | Gauntlet | Found a large runed translucent door.
 12507 | Gauntlet | Found a large runed translucent door.
 12507 | Gauntlet | Found a runed translucent door.
 12507 | Gauntlet | Found a runed translucent door.
 12508 | Gauntlet | Found a large runed translucent door.
 12508 | Gauntlet | Found a large runed translucent door.
 12508 | Gauntlet | Found a large runed translucent door.
 12508 | Gauntlet | Found a large runed translucent door.
 12509 | Gauntlet | Found a large runed translucent door.
 12510 | Gauntlet | Found a large runed translucent door.
 12511 | Gauntlet | Found a large runed translucent door.
 12511 | Gauntlet | Found a large runed translucent door.
 12512 | Gauntlet | Found a large runed translucent door.
 12512 | Gauntlet | Found a large runed translucent door.
 12513 | Gauntlet | Found a runed translucent gate.
 12513 | Gauntlet | Found a runed translucent gate.
 12513 | Gauntlet | Found a runed translucent gate.
 12515 | Gauntlet | Found a transporter.
 12519 | Gauntlet | Found a transporter.
 12525 | Gauntlet | Found a large runed translucent door.
 12526 | Gauntlet | Found a large runed translucent door.
 12526 | Gauntlet | Noticed an entropy weaver
 12536 | Gauntlet | Noticed a hell beast
 12545 | Gauntlet | Found a transporter.
 12559 | Gauntlet | Found a transporter.
 12573 | Gauntlet | Found a transporter.
 12577 | Gauntlet | Found a transporter.
 12577 | Gauntlet | Found the +3 pair of mountain boots {steadfast, rC+}
 12706 | Gauntlet | Found a transporter.
 12720 | Gauntlet | Found a transporter.
 12723 | Gauntlet | Identified the ring of Miqaolau {rElec rPois Int+2}
 12854 | Gauntlet | Killed a hell beast
 12855 | Gauntlet | Reached XP level 13. HP: 107/116 MP: 20/20
 12956 | Gauntlet | Noticed a minotaur
 12968 | Gauntlet | Killed a minotaur
 13160 | Gauntlet | Identified the staff of Wyrd {rPois rC+ rN+ Necro}
 13232 | Lair:2   | Reached skill level 5 in Shields
 14312 | Lair:2   | Found a staircase to the Snake Pit.
 14604 | Lair:2   | Reached skill level 1 in Dodging
 14941 | Lair:3   | Found a staircase to the Shoals.
 15042 | Lair:4   | Found a dark tunnel.
 15051 | Volcano  | Entered a volcano
 15113 | Volcano  | Reached skill level 5 in Throwing
 15322 | Volcano  | Noticed a stone giant
 15337 | Volcano  | Killed a stone giant
 15471 | Volcano  | Found a bloodstained altar of Trog.
 15524 | Volcano  | Found a bloodstained altar of Trog.
 16079 | Lair:3   | Identified the +6 spear of the Kidney {freeze, Will+}
 16117 | Lair:4   | Reached skill level 1 in Long Blades
 16515 | Lair:5   | Entered Level 5 of the Lair of Beasts
 16640 | Lair:4   | Reached XP level 14. HP: 125/130 MP: 23/23
 16977 | Lair:4   | Found a viscous altar of Jiyva.
 16982 | Lair:4   | Found a staircase to the Slime Pits.
 17523 | Lair:5   | Reached skill level 1 in Evocations
 17935 | Lair:5   | Reached ****** piety under Elyvilon
 18209 | Lair:5   | Reached skill level 15 in Fighting
 18437 | Lair:5   | Identified the +7 falchion of the Fortifying Whale {vamp,
                  | *Noise rC+ rN+ Stlth+}
 19719 | Lair:5   | Reached XP level 15. HP: 121/144 MP: 24/24
 20409 | D:8      | Bought a polished plate armour for 952 gold pieces
 20409 | D:8      | Identified the +6 plate armour of the Four Lies {rPois
                  | Regen+ MP+9 Int-2} (You bought it in a shop on level 8 of
                  | the Dungeon)
 20906 | D:11     | Noticed Erica
 20921 | D:11     | Killed Erica
 21320 | D:11     | Found Udilur's Antique Weapon Shop.
 21453 | D:12     | Found Wigaqaru's Jewellery Shop.
 21455 | D:12     | Found Neerghycu's Book Shop.
 21764 | D:12     | Found Oraluz's Antique Armour Boutique.
 21894 | D:12     | Found a staircase to the Orcish Mines.
 21920 | D:12     | Found a roughly hewn altar of Beogh.
 22223 | Orc:1    | Entered Level 1 of the Orcish Mines
 22298 | Orc:2    | Entered Level 2 of the Orcish Mines
 22648 | Orc:2    | Found a roughly hewn altar of Beogh.
 22694 | Orc:2    | Found a staircase to the Elven Halls.
 23142 | Orc:2    | Found Gozxab's Armour Shop.
 23142 | Orc:2    | Found Nah Hio's Distillery.
 23143 | Orc:2    | Found Sataekh's Distillery.
 23143 | Orc:2    | Found Xecsu's Armour Boutique.
 23158 | Orc:2    | Bought a potion of heal wounds for 65 gold pieces
 23158 | Orc:2    | Bought 2 potions of heal wounds for 130 gold pieces
 23158 | Orc:2    | Bought a potion of curing for 39 gold pieces
 23162 | Orc:2    | Bought a +2 buckler of cold resistance for 258 gold pieces
 23344 | Orc:1    | Noticed Harold
 23363 | Orc:1    | Killed Harold
 23473 | Orc:1    | Paralysed by an orc sorcerer for 3 turns
 24275 | D:13     | Got the Atlas of the Tropics and the Morgue
 24379 | D:13     | Found Yzaby's General Store.
 24409 | D:13     | Bought a scroll of teleportation for 33 gold pieces
 24428 | D:14     | Found a roughly hewn altar of Beogh.
 24444 | D:13     | Reached XP level 16. HP: 105/155 MP: 26/26
 25250 | Snake:1  | Entered Level 1 of the Snake Pit
 25641 | Snake:2  | Reached skill level 15 in Invocations
 26015 | Snake:1  | Identified the serpent talisman of the Sailor {rC- rN+++
                  | rCorr Dex-3}
 26015 | Snake:1  | Noticed Aizul
 26028 | Snake:1  | Killed Aizul
 26252 | Snake:2  | Noticed Nikola
 26434 | Snake:2  | Killed Nikola
 27272 | Snake:2  | Identified the +1 scale mail of Ymorgh {Slay+2}
 27628 | Snake:3  | Noticed Roxanne
 27758 | Snake:3  | Reached XP level 17. HP: 141/163 MP: 28/28
 27782 | Snake:3  | Found Pynusm's Jewellery Shoppe.
 27783 | Snake:3  | Found Gafeav's Book Boutique.
 27783 | Snake:3  | Found Vaasm's Book Boutique.
 28030 | Snake:3  | Reached skill level 10 in Shields
 28048 | Snake:4  | Entered Level 4 of the Snake Pit
 28402 | Snake:3  | Found Xirral's Armour Emporium.
 28612 | Snake:3  | Found Fioroj's Distillery.
 28618 | Snake:3  | Bought a potion of haste for 180 gold pieces
 28719 | Snake:3  | Found Ytunt's Magic Scroll Boutique.
 28722 | Snake:3  | Bought a scroll of teleportation for 39 gold pieces
 28722 | Snake:3  | Bought a scroll of blinking for 97 gold pieces
 28722 | Snake:3  | Bought a scroll of enchant weapon for 97 gold pieces
 28732 | Snake:3  | Identified a scroll of acquirement
 28735 | Snake:3  | Acquired the +9 crystal plate armour of Protective Custody
                  | {Fly Slay+5}
 29162 | Snake:4  | Noticed Asterion
 29173 | Snake:4  | Killed Asterion
 29388 | Snake:4  | Found a runed translucent gate.
 29388 | Snake:4  | Found a runed translucent gate.
 29388 | Snake:4  | Found a runed translucent gate.
 29499 | Snake:4  | Found Xoqashrevi's Mass Market.
 30362 | Snake:4  | Reached XP level 18. HP: 139/174 MP: 30/30
 31136 | Snake:4  | Got a serpentine rune of Zot
 31378 | Snake:4  | Identified the +1 helmet of the Guild-Master {rElec rN+
                  | Int-5 Slay+6}
 31531 | Shoals:1 | Entered Level 1 of the Shoals
 31533 | Shoals:1 | Identified the +7 morningstar "Earthworm" {freeze, rC+ rN+}
 31559 | Shoals:1 | Found a transporter.
 31561 | Shoals:1 | Found a transporter.
 31562 | Shoals:1 | Noticed Offakuizui's ghost (adept HuCj)
 31610 | Shoals:1 | Found Paleazy's Jewellery Shop.
 31840 | Shoals:1 | Found Jutu's Antique Weapon Boutique.
 31878 | Shoals:1 | Found Idghyergh's Assorted Antiques.
 31933 | Shoals:1 | Found Juist's General Store.
 31941 | Shoals:1 | Bought a potion of heal wounds for 80 gold pieces
 32125 | Shoals:1 | Found Sozyigot's Jewellery Emporium.
 32471 | Shoals:2 | Reached skill level 15 in Armour
 32833 | Shoals:2 | Found Hiotuec's Humungous Hoard.
 32842 | Shoals:2 | Bought a potion of heal wounds for 80 gold pieces
 33307 | Shoals:3 | Found Nopsafaa's Distillery.
 33310 | Shoals:3 | Bought a potion of might for 68 gold pieces
 34066 | Shoals:4 | Entered Level 4 of the Shoals
 34081 | Shoals:4 | Noticed Mlioglotl
 34131 | Shoals:3 | Killed Mlioglotl
 34400 | Shoals:4 | Reached skill level 15 in Shields
 34575 | Shoals:4 | Reached XP level 19. HP: 143/183 MP: 31/31
 34742 | Shoals:4 | Got a barnacled rune of Zot
 35250 | Shoals:1 | Killed Offakuizui's ghost
 35274 | Shoals:1 | Identified the ring "Kuogegot" {rC+ rN+ Will+ Str+6 Int+5}
 35300 | Shoals:1 | Bought a +6 ring of strength for 468 gold pieces
 35911 | D:14     | Found a gate to the Vaults.
 35973 | D:14     | Noticed Lodul
 35984 | D:14     | Killed Lodul
 36112 | D:15     | Entered Level 15 of the Dungeon
 36212 | D:14     | Found the +3 robe of Clouds {*Thunder rCloud rElec}
 36463 | D:15     | Noticed Louise
 36481 | D:15     | Killed Louise
 36719 | D:15     | Found a staircase to the Depths.
 36909 | D:15     | Identified the ring of Yredelemnul's Outrage {rPois Str+6
                  | Slay+5}
 37060 | Vaults:1 | Entered Level 1 of the Vaults
 37064 | Vaults:1 | Identified the +8 short sword of Punishment {pain, Dex+2}
 37193 | Vaults:1 | Noticed Norris
 37215 | Vaults:1 | Killed Norris
 37290 | Vaults:1 | Found a magical portal.
 37299 | WizLab   | Entered Wucad Mu's Monastery
 37730 | WizLab   | Found the crystal ball of Wucad Mu {*channel}
 37774 | WizLab   | Reached XP level 20. HP: 249/260 MP: 20/43
 37806 | WizLab   | Reached XP level 21. HP: 201/201 MP: 27/33
 39136 | Vaults:2 | Found a portal to a secret trove of treasure.
 39190 | Trove    | Entered a treasure trove
 39199 | Trove    | Identified the +2 pair of boots of Apathy {rN+ Int+2}
 39202 | Trove    | Identified the scarf of the Furies {repulsion, +Blink}
 39205 | Trove    | Identified the +2 leather armour "Xanor" {rN+}
 39206 | Trove    | Identified the +1 leather armour of Hedonism {*Slow +Blink
                  | rF++ MP+9}
 39211 | Trove    | Identified the +1 pair of gloves "Yfat" {rC+ rN+ Int+3
                  | SInv}
 39212 | Trove    | Identified the +0 pair of gloves of Uskayaw {MP+9 Dex+3}
 40238 | Vaults:3 | Reached skill level 5 in Evocations
 40635 | Vaults:3 | Found Xuis's Magic Scroll Boutique.
 40653 | Vaults:4 | Reached XP level 22. HP: 208/213 MP: 34/34
 40668 | Vaults:3 | Bought a scroll of blinking for 165 gold pieces
 40668 | Vaults:3 | Bought a scroll of enchant weapon for 165 gold pieces
 40706 | Vaults:3 | Paralysed by a formless jellyfish for 1 turns
 40904 | Vaults:3 | Found a staircase to the Crypt.
 41353 | Vaults:4 | Noticed Sojobo
 41362 | Vaults:4 | Killed Sojobo
 42291 | Vaults:3 | Bought a scroll of acquirement for 1144 gold pieces
 42292 | Vaults:3 | Acquired 593 gold pieces
 42535 | Elf:1    | Entered Level 1 of the Elven Halls
 42629 | Elf:1    | Paralysed by an air elemental for 1 turns
 43201 | Elf:3    | Entered Level 3 of the Elven Halls
 43418 | Elf:2    | Found a runed translucent gate.
 43418 | Elf:2    | Found a runed translucent gate.
 43418 | Elf:2    | Found a runed translucent gate.
 43531 | Elf:2    | Found Deweches's Antique Weapon Emporium.
 44008 | Elf:2    | Reached XP level 23. HP: 218/222 MP: 35/35
 44542 | Elf:3    | Identified the +9 spear of Qeres {freeze, rElec}
 44565 | Elf:3    | Identified the +5 spear of Puxtiem {flame, rC- Str+6}
 44671 | Elf:3    | Identified the +7 short sword of Cocytus {antimagic, rC+
                  | SInv Stlth+}
 45798 | Depths:1 | Entered Level 1 of the Depths
 45798 | Depths:1 | Noticed Flugslaktarn's ghost (adept MiFi)
 45798 | Depths:1 | Noticed Gaexku's ghost (veteran DrSh)
 45798 | Depths:1 | Noticed Heokhletz's ghost (veteran OnGl)
 45798 | Depths:1 | Noticed Noatwadiu's ghost (veteran OnGl)
 45798 | Depths:1 | Found a runed translucent gate.
 45798 | Depths:1 | Found a runed translucent gate.
 45798 | Depths:1 | Found a runed translucent gate.
 45799 | Depths:1 | Noticed Afra's ghost (veteran FoHs)
 46122 | Depths:1 | Found a hide-covered altar of Uskayaw.
 46199 | Depths:1 | Found a one-way gate leading to the halls of Pandemonium.
 46213 | Depths:1 | Noticed Bai Suzhen
 46220 | Depths:1 | Killed Bai Suzhen
 46330 | Depths:1 | Found an ancient bone altar of Kikubaaqudgha.
 46378 | Depths:1 | Noticed Saint Roka
 46388 | Depths:1 | Killed Saint Roka
 46543 | Depths:1 | Found Big Baal Hell's Store.
 46573 | Depths:1 | Found a gateway to Hell.
 46962 | Vaults:5 | Entered Level 5 of the Vaults
 46974 | Vaults:5 | Noticed an ancient lich
 46982 | Vaults:5 | Reached XP level 24. HP: 221/233 MP: 35/35
 46987 | Vaults:5 | Killed an ancient lich
 47178 | Vaults:5 | Noticed an ancient lich
 47186 | Vaults:5 | Killed an ancient lich
 47241 | Vaults:5 | Noticed Mara
 47258 | Vaults:5 | Noticed gohu's illusion
 47261 | Vaults:5 | Killed Mara
 47433 | Vaults:5 | Noticed an ancient lich
 47445 | Vaults:5 | Killed an ancient lich
 47703 | Vaults:5 | Identified the +4 glaive "Lifebane" {freeze, ^Fragile rN++
                  | SInv}
 47719 | Vaults:5 | Reached skill level 10 in Evocations
 47765 | Vaults:5 | Noticed an ancient lich
 47780 | Vaults:5 | Killed an ancient lich
 47889 | Vaults:5 | Identified the +4 flail of Watchfulness {drain, ^Drain rC+
                  | Stlth+}
 47990 | Vaults:5 | Identified the +7 war axe "Nadados" {elec, rElec}
 48082 | Vaults:5 | Found Pafredd's Antique Armour Emporium.
 48280 | Vaults:5 | Noticed a dread lich
 48287 | Vaults:5 | Killed a dread lich
 48308 | Vaults:5 | Got a silver rune of Zot
 48381 | Vaults:5 | Reached XP level 25. HP: 207/243 MP: 35/35
 48414 | Vaults:5 | Found Dyda's Jewellery Shop.
 48420 | Vaults:5 | Bought the amulet "Dacsoi" {rC- rN+ Regen+ rCorr Dex+6} for
                  | 524 gold pieces
 48912 | Slime:1  | Entered Level 1 of the Pits of Slime
 48989 | Slime:3  | Found a viscous altar of Jiyva.
 49101 | Slime:5  | Entered Level 5 of the Pits of Slime
 49417 | Slime:5  | Found a viscous altar of Jiyva.
 49422 | Slime:5  | Noticed the Royal Jelly
 49449 | Slime:5  | Killed the Royal Jelly
 49565 | Slime:5  | Identified the +3 rapier of Uvacsus {freeze, +Blink rF-
                  | Int+4}
 49568 | Slime:5  | Found the +7 Spriggan's Knife {stab, EV+4 Stlth+}
 49621 | Slime:5  | Identified the +9 plate armour of the Pirate {rN+}
 49629 | Slime:5  | Identified the staff of Disorder {rC+ Str+3 Summ Ice}
 49634 | Slime:5  | Got a slimy rune of Zot
 49635 | Slime:5  | Identified the ring "Kuqukk" {rPois rF+ Will++ Str+3
                  | Stlth+}
 49637 | Slime:5  | Identified the orb of Liberty {*Rage, -Cast rPois rN++
                  | rCorr}
 49800 | Slime:5  | Gained mutation: You are vulnerable to cold. (rC-) [a
                  | shining eye]
 49803 | Slime:5  | Gained mutation: You expend magic power (3 MP) to
                  | strengthen your wands. [a shining eye]
 50393 | Depths:1 | Killed Afra's ghost
 50402 | Depths:1 | Killed Heokhletz's ghost
 50418 | Depths:1 | Killed Noatwadiu's ghost
 50436 | Depths:1 | Killed Gaexku's ghost
 50442 | Depths:1 | Killed Flugslaktarn's ghost
 50608 | Depths:2 | Identified the +4 morningstar of the Common Good {speed,
                  | rF+}
 51440 | Depths:2 | Found an ancient bone altar of Kikubaaqudgha.
 51559 | Depths:3 | Noticed Boris
 51564 | Depths:3 | Reached XP level 26. HP: 245/254 MP: 36/36
 51566 | Depths:3 | Killed Boris
 51578 | Depths:3 | Found a one-way gate to the infinite horrors of the Abyss.
 51686 | Depths:4 | Entered Level 4 of the Depths
 51716 | Depths:4 | Noticed Jory
 51730 | Depths:4 | Reached skill level 27 in Axes
 51738 | Depths:4 | Killed Jory
 51804 | Depths:4 | Found a gate to the Realm of Zot.
 51840 | Depths:4 | Found an ornate altar of the Wu Jian Council.
 51889 | Depths:4 | Found a flickering gateway to a bazaar.
 51904 | Depths:4 | Noticed Grunn
 51912 | Bazaar   | Entered a bazaar
 51927 | Bazaar   | Found Bimavut's Magic Scroll Emporium.
 51969 | Bazaar   | Found Ridenue's Assorted Antiques.
 51985 | Bazaar   | Found Kopyitu's Antique Armour Emporium.
 51985 | Bazaar   | Found Ogafimma's Jewellery Shoppe.
 52007 | Bazaar   | Found Kyez Cae's Weapon Emporium.
 52103 | Bazaar   | Bought a scroll of teleportation for 48 gold pieces
 52103 | Bazaar   | Bought a scroll of teleportation for 48 gold pieces
 52121 | Bazaar   | Bought a scroll of enchant weapon for 180 gold pieces
 52205 | Depths:4 | Killed Grunn
 52380 | Depths:3 | Identified the +0 chain mail "Zeebb" {Int+4}
 52383 | Depths:3 | Identified the ring "Foasuiga" {Str+3 SInv}
 52487 | Depths:3 | Gained mutation: You are dopey. (Int -2) [a shining eye]
 52494 | Depths:3 | Gained mutation: Your body sometimes deteriorates upon
                  | taking damage. [a shining eye]
 52495 | Depths:3 | Gained mutation: Your magical capacity is low. (-10% MP) [a
                  | shining eye]
 52504 | Depths:3 | Gained mutation: You are frail. (-10% HP) [a shining eye]
 53385 | Depths:4 | Found a one-way gateway to a ziggurat.
 53512 | Depths:4 | Reached skill level 10 in Throwing
 53808 | Depths:4 | Reached XP level 27. HP: 232/239 MP: 33/33
 53824 | Depths:4 | Found the +9 sword of Zonguldrok {reap}
 54305 | Depths:4 | Upgraded the game from 0.32-a0-12-g7fc57aa741 to
                  | 0.32-a0-17-gb74e046682
 54333 | Zot:1    | Entered Level 1 of the Realm of Zot
 54387 | Zot:1    | Reached skill level 5 in Dodging
 54581 | Zot:1    | Reached skill level 1 in Summonings
 54588 | Zot:1    | Reached skill level 1 in Fire Magic
 54594 | Zot:1    | Reached skill level 1 in Hexes
 54646 | Zot:1    | Reached skill level 1 in Conjurations
 54805 | Zot:2    | Reached skill level 1 in Ice Magic
 54993 | Zot:1    | Reached skill level 1 in Staves
 54993 | Zot:1    | Reached skill level 1 in Earth Magic
 55101 | Zot:1    | Reached skill level 10 in Dodging
 55101 | Zot:1    | Reached skill level 1 in Necromancy
 55281 | Zot:2    | Reached skill level 1 in Translocations
 55622 | Zot:2    | Identified the +2 short sword of Ash {venom, rC+ Will+
                  | Dex+4}
 56320 | Zot:3    | Identified the +1 great sword "Hujo" {heavy, +Blink rPois
                  | Str+2}
 57098 | Zot:4    | Identified the ring of Hiocog {Ice ^Drain Str+3 Dex+2
                  | Stlth+}
 57098 | Zot:4    | Noticed Josephina
 57112 | Zot:4    | Killed Josephina
 57186 | Zot:4    | Found a shimmering blue altar of Sif Muna.
 57675 | Zot:4    | Noticed an ancient lich
 57695 | Zot:4    | Killed an ancient lich
 58363 | Zot:5    | Entered Level 5 of the Realm of Zot
 59036 | Temple   | Entered the Ecumenical Temple
 59049 | Temple   | Fell from the grace of Elyvilon
 59049 | Temple   | Became a worshipper of the Shining One
 59049 | Temple   | Reached * piety under the Shining One
 59049 | Temple   | Reached ** piety under the Shining One
 59049 | Temple   | Reached *** piety under the Shining One
 59049 | Temple   | Reached **** piety under the Shining One
 59405 | Crypt:1  | Entered Level 1 of the Crypt
 59462 | Crypt:1  | Identified the +6 short sword "Lifebane" {freeze, Will+}
 59870 | Crypt:1  | Reached ***** piety under the Shining One
 60276 | Crypt:3  | Entered Level 3 of the Crypt
 60276 | Crypt:3  | Found a runed translucent door.
 60615 | Crypt:2  | Reached skill level 27 in Fighting
 60665 | Crypt:2  | Reached ****** piety under the Shining One
 60854 | Crypt:2  | Identified a +9 broad axe of holy wrath (a +9 broad axe of
                  | flaming blessed by the Shining One)
 60854 | Crypt:2  | Received a gift from the Shining One
 60893 | Crypt:3  | Noticed a dread lich
 60906 | Crypt:3  | Killed a dread lich
 60954 | Crypt:3  | Found a staircase to the Tomb.
 61014 | Crypt:3  | Noticed Gouluvih's ghost (adept FeSh)
 61469 | Crypt:3  | Reached skill level 27 in Shields
 61605 | Crypt:3  | Noticed an ancient lich
 61623 | Crypt:3  | Killed an ancient lich
 61629 | Crypt:3  | Identified the ring "Viekk" {*Slow rPois Will+ Int-3
                  | Slay+6}
 61654 | Crypt:3  | Got the Atlas of the Storm
 61658 | Crypt:3  | Identified the staff "Jakk" {rPois Int+3 Alchemy}
 62094 | Crypt:3  | Killed Gouluvih's ghost
 63324 | Zot:5    | Noticed an ancient lich
 63344 | Zot:5    | Killed an ancient lich
 63410 | Zot:5    | Noticed an orb of fire
 63410 | Zot:5    | Noticed an orb of fire
 63410 | Zot:5    | Gained mutation: Your body often deteriorates upon taking
                  | damage. [an orb of fire]
 63412 | Zot:5    | Gained mutation: You are very vulnerable to cold. (rC--)
                  | [an orb of fire]
 63421 | Zot:5    | Noticed an orb of fire
 63426 | Zot:5    | Noticed an orb of fire
 63448 | Zot:5    | Gained mutation: Armour fits poorly on your strangely
                  | shaped body. [an orb of fire]
 63656 | Zot:5    | Gained mutation: Your magical capacity is very low. (-20%
                  | MP) [an orb of fire]
 63660 | Zot:5    | Killed an orb of fire
 63670 | Zot:5    | Gained mutation: You occasionally shout uncontrollably at
                  | your foes. [an orb of fire]
 63672 | Zot:5    | Killed an orb of fire
 63719 | Zot:5    | Gained mutation: You occasionally lose the ability to drink
                  | potions when taking damage. [an orb of fire]
 63729 | Zot:5    | Killed an orb of fire
 63736 | Zot:5    | Noticed an orb of fire
 63738 | Zot:5    | Noticed an ancient lich
 63743 | Zot:4    | Lost mutation: Your magical capacity is very low. (-20% MP)
                  | [an orb of fire]
 63745 | Zot:4    | Killed an orb of fire
 63909 | Zot:5    | Noticed an orb of fire
 63926 | Zot:5    | Killed an orb of fire
 63935 | Zot:5    | Gained mutation: You are very dopey. (Int -4) [an orb of
                  | fire]
 63943 | Zot:5    | Gained mutation: You are very frail. (-20% HP) [an orb of
                  | fire]
 63945 | Zot:5    | Killed an orb of fire
 63969 | Zot:5    | Killed an ancient lich
 64023 | Zot:5    | Noticed an ancient lich
 64037 | Zot:5    | Killed an ancient lich
 64278 | Zot:5    | Noticed a dread lich
 64963 | D:5      | Fell from the grace of the Shining One
 64963 | D:5      | Became a worshipper of Zin the Law-Giver
 64963 | D:5      | Reached * piety under Zin
 64963 | D:5      | Reached ** piety under Zin
 64963 | D:5      | Reached *** piety under Zin
 64963 | D:5      | Reached **** piety under Zin
 64963 | D:5      | Reached ***** piety under Zin
 65427 | Hell     | Entered the Vestibule of Hell
 65427 | Hell     | Noticed Geryon
 65437 | Hell     | Killed Geryon
 65914 | Hell     | Found a gateway to the ashen valley of Gehenna.
 65980 | Hell     | Found a gateway to the Iron City of Dis.
 66101 | Hell     | Found a gateway to the decaying netherworld of Tartarus.
 66244 | Hell     | Found a gateway to the freezing wastes of Cocytus.
 66765 | Snake:3  | Bought a potion of mutation for 144 gold pieces
 66920 | Shoals:3 | Bought a potion of mutation for 136 gold pieces
 66920 | Shoals:3 | Bought a potion of haste for 170 gold pieces
 66954 | Shoals:1 | Bought a scroll of teleportation for 114 gold pieces
 67222 | Tar:1    | Entered Level 1 of Tartarus
 67801 | Tar:3    | HP: 9/218 [putrid mouth/foul vapour[a doom hound] (25)]
 67801 | Tar:3    | HP: 2/218 [profane servitor/+2 whip of venom (7)]
 67808 | Hell     | Donated 2184 gold pieces to Zin
 68034 | Dis:1    | Entered Level 1 of the Iron City of Dis
 68139 | Tar:1    | Reached ****** piety under Zin
 68140 | Tar:1    | Lost mutation: Your body often deteriorates upon taking
                  | damage. [potion of mutation]
 68140 | Tar:1    | Lost mutation: You are very vulnerable to cold. (rC--)
                  | [potion of mutation]
 68140 | Tar:1    | Lost mutation: You occasionally lose the ability to drink
                  | potions when taking damage. [potion of mutation]
 68141 | Tar:1    | Lost mutation: You occasionally shout uncontrollably at
                  | your foes. [potion of mutation]
 68141 | Tar:1    | Lost mutation: Armour fits poorly on your strangely shaped
                  | body. [potion of mutation]
 68141 | Tar:1    | Lost mutation: Your magical capacity is low. (-10% MP)
                  | [potion of mutation]
 68142 | Tar:1    | Lost mutation: You expend magic power (3 MP) to strengthen
                  | your wands. [potion of mutation]
 68142 | Tar:1    | Lost mutation: Your body sometimes deteriorates upon taking
                  | damage. [potion of mutation]
 68142 | Tar:1    | Lost mutation: You are vulnerable to cold. (rC-) [potion of
                  | mutation]
 68143 | Tar:1    | Lost mutation: You are very dopey. (Int -4) [potion of
                  | mutation]
 68143 | Tar:1    | Lost mutation: You are very frail. (-20% HP) [potion of
                  | mutation]
 68143 | Tar:1    | Lost mutation: You are dopey. (Int -2) [potion of mutation]
 68218 | Tar:3    | Lost mutation: You are frail. (-10% HP) [potion of
                  | mutation]
 70026 | Depths:3 | Voluntarily entered the Abyss.
 70026 | Abyss:1  | Found a corrupted altar of Lugonu.
 70108 | Abyss:1  | Found a corrupted altar of Lugonu.
 70165 | Abyss:1  | Reached skill level 15 in Throwing
 70562 | Abyss:1  | Found a corrupted altar of Lugonu.
 70613 | Abyss:1  | Found a radiant altar of Vehumet.
 70628 | Abyss:1  | Noticed an ancient lich
 70636 | Abyss:1  | Killed an ancient lich
 70750 | Abyss:2  | Found a corrupted altar of Lugonu.
 70794 | Abyss:3  | Found a corrupted altar of Lugonu.
 70803 | Abyss:3  | Found a corrupted altar of Lugonu.
 70850 | Abyss:3  | Found a corrupted altar of Lugonu.
 70854 | Abyss:3  | Found a corrupted altar of Lugonu.
 70854 | Abyss:3  | Found a corrupted altar of Lugonu.
 71027 | Abyss:3  | Noticed a dread lich
 71040 | Abyss:3  | Killed a dread lich
 71137 | Abyss:3  | Found a corrupted altar of Lugonu.
 71250 | Abyss:3  | Found a corrupted altar of Lugonu.
 71450 | Abyss:3  | Reached skill level 27 in Invocations
 71478 | Abyss:3  | Found a corrupted altar of Lugonu.
 72416 | Abyss:6  | Found a shimmering altar of Xom.
 72419 | Abyss:6  | Got an abyssal rune of Zot
 72433 | Abyss:7  | Entered Level 7 of the Abyss
 72713 | Abyss:7  | Reached skill level 27 in Armour
 72870 | Depths:3 | Escaped the Abyss
 72923 | Depths:3 | Learned a level 1 spell: Apportation
 72927 | Depths:3 | Voluntarily entered the Abyss.
 72927 | Abyss:7  | Entered Level 7 of the Abyss
 72949 | Abyss:7  | Reached skill level 1 in Spellcasting
 72978 | Abyss:7  | Paralysed by accursed screaming for 1 turns
 73000 | Abyss:7  | Incinerated by a balrug

Illustrated notes

Levels and vault maps discovered:
D:1:      nzn_arrival_water_spiral, layout_basic, minmay_misc_feat_cross,
          minivault_26, chequers_serial_rivers_micro_a
D:2:      kennysheep_the_goblin_king, layout_loops_ring
D:3:      layout_basic, hangedman_ru_absence
D:4:      layout_gridville, mainiacjoe_overflow_small_starburst,
          portal_sewer_entry_a, serial_co_window_serial, co_window_paths_b,
          co_window_corner_a, co_window_corner_a, co_window_paths_b,
          co_window_paths_a, co_window_of_opportunity_a, co_window_corner_a,
          co_window_corner_cb, co_window_corner_ca, co_window_broadway_a,
          glass_columns_a, glass_columns_a, uniq_natasha
D:5:      layout_basic, nicolae_dithmenos_the_darkroom,
          nicolae_overflow_hidden_temple, serial_demonic, serial_demonic_f,
          serial_demonic_d, serial_demonic_b, serial_demonic_c,
          palyth_stone_intersect
D:6:      minmay_chambers_of_fours, layout_basic
D:7:      layout_rooms, minmay_temple_entry_statues_fountains, serial_shops,
          shop, serial_bayou_pond_d, minivault_5
D:8:      layout_gridville, enter_bailey_7, serial_shops, shop, uniq_gastronok
D:9:      layout_rooms, overflow_temple_1_default,
          chequers_serial_rivers_micro_a, kennysheep_path_1, minmay_the_grid_2x2
          [minmay_the_grid_holed_spiral, minmay_the_grid_small_cups,
          minmay_the_grid_slots, minmay_the_grid_prize_big_room]
D:10:     layout_gridville, erik_lair_orcish_takeover, fungi_pond_lemuel,
          minmay_stone_trees_medium
D:11:     layout_irregular_city, serial_shops, nicolae_shop_hallway_plus,
          grunt_decor_fettered, minmay_misc_feat_columns, uniq_erica
D:12:     layout_basic, minmay_orc_entry_temple_small, serial_shops,
          nicolae_shop_rolling_square, shop, shop
D:13:     minmay_box_of_curves, layout_layer_cave, serial_shops, shop
D:14:     minmay_blocky_corners, layout_loops_ring, david_vaults_1, special_room
          [special_room_orc], uniq_lodul
D:15:     hangedman_depths_entry_try_elsewhere_first, layout_loops_ring,
          uniq_louise
Temple:   nicolae_temple_superstar
Lair:1:   layout_long_grid, nicolae_lair_grazing_beasts
          [nicolae_sub_lair_graze_edge, nicolae_sub_lair_graze_edge,
          nicolae_sub_lair_graze_edge, nicolae_sub_lair_graze_edge]
Lair:2:   layout_concentric_octagons, nicolae_snake_entry_warm_welcome,
          serial_bayou_shore_a, serial_bayou_shore_b, grunt_megastairs_5,
          infiniplex_staircase_pool_2, uniq_urug
Lair:3:   layout_small_grid, nicolae_shoals_entry_flooding,
          gauntlet_entry_generic, lemuel_fruit_fields
Lair:4:   layout_big_grid, nicolae_slime_entry_slimehenge, enter_volcano_1,
          serial_bayou_lagoon_b
Lair:5:   gammafunk_lair_ancient_temple, layout_regular_city, serial_bayou,
          serial_bayou_pond_d, serial_bayou_ford_a, serial_bayou_pond_c,
          serial_bayou_lake_a, wad_woods_03
Shoals:1: layout_shoals, ebering_ghost_davey_jones, serial_shops, shop,
          nicolae_shop_tiny_statue_garden, nicolae_shop_tiny_waterfront,
          nicolae_shop_pleasant_corner_grove, shop
Shoals:2: layout_shoals, nicolae_alphabet_shops
Shoals:3: layout_shoals, serial_shops, nicolae_shop_real_fake_doors
Shoals:4: shoals_end_hellmonk_lost_city, uniq_mlioglotl
Snake:1:  layout_cave_pods, uniq_aizul
Snake:2:  layout_rooms, uniq_nikola
Snake:3:  layout_misc_corridors, serial_shops, nicolae_shop_mannequins,
          nicolae_shop_tiny_waterfront, nicolae_shop_rolled_up,
          grunt_ministairs_10, nicolae_snake_single_loop, minmay_shop_grove,
          serial_bayou_shore_b, uniq_roxanne
Snake:4:  snake_pit, layout_rooms, nicolae_snake_snake_lake, grunt_ministairs_2,
          st_stairs_4, minmay_shop_mass, nicolae_snake_horde_hoard,
          uniq_asterion
Slime:1:  nicolae_slime_pool, layout_caves
Slime:2:  layout_caves
Slime:3:  cheibrodos_slime_lost_civilization_9, layout_caves, basic_altar
Slime:4:  layout_caves
Slime:5:  slime_pit_nicolae_amoeboid
Orc:1:    layout_caves, statue_in_the_mist_lemuel,
          nicolae_orc_takin'_care_of_business, uniq_harold
Orc:2:    st_orc_pillars, layout_caves, basic_altar
Elf:1:    eino_elf_arrival_customs, layout_loops_cross
Elf:2:    elven_hall_of_blades_hangedman_original
          [nicolae_blade_entry_hurt_lockers], layout_onion_city, serial_shops,
          nicolae_shop_advertising_works [nicolae_subvault_shop_adworks],
          nicolae_elf_big_sculpture_3
Elf:3:    grunt_elf_hall_diamonds, layout_onion_city
Vaults:1: mu_enter_wizlab_5, v_misc_11, nicolae_vaults_big_ls,
          nicolae_vaults_specimen_jars, vaults_room_door_hall,
          nicolae_vaults_little_squares_2, ontoclasm_vaults_hangar,
          nicolae_vaults_closet_pinwheel_2, ontoclasm_vaults_ring_large,
          vaults_room_door_ring, v_rooms_1, v_misc_29, layout_vaults_maze,
          uniq_norris
Vaults:2: vaults_standard_mumra_enter_the_diamond, vaults_mumra_hex,
          nicolae_vaults_little_squares_4, grunt_vaults_twisty, v_misc_19,
          vaults_room_pool, layout_vaults_quadrants, enter_trove_1
Vaults:3: ontoclasm_vaults_spin, serial_library_hellmonk_big_corner,
          nicolae_vaults_house_2, nicolae_vaults_storage_closets_1,
          nicolae_vaults_offset_grid_hallway_4, v_misc_11, v_misc_30,
          nicolae_vaults_house_3, vaults_room_fours, layout_vaults_big_room,
          minmay_crypt_entry_nasty_monster, serial_shops, shop
Vaults:4: v_misc_3, nicolae_vaults_network_star,
          nicolae_vaults_crenellated_ambush, ontoclasm_vaults_fault,
          ontoclasm_vaults_eye, hangedman_vaults_snaps, nicolae_vaults_meiosis,
          nicolae_vaults_yaktaur_gun_rack, v_misc_23,
          nicolae_vaults_layer_cake_slice, vaults_room_door_ring,
          nicolae_vaults_double_plus_2, layout_vaults_omnicross, uniq_sojobo
Vaults:5: serial_shops, uniq_mara
Crypt:1:  layout_regular_city
Crypt:2:  tekkud_devil_daggers, layout_gridlike
Crypt:3:  due_elkab, layout_chaotic_city, ebering_ghost_reflecting_pool
Depths:1: layout_gridlike, nicolae_hell_entry_big_baal_hell,
          kiku_gazebo_garden_becter, rand_demon_pan_entry_7,
          gammafunk_ghost_cemetery, kennysheep_cluttered_room,
          nicolae_uskayaw_en_pointe, uniq_saint_roka, uniq_bai_suzhen
Depths:2: minmay_textured_paths, layout_cave_pools,
          hangedman_abyss_or_decor_stabs, grunt_pan_entry_zigzag,
          pf_vacation_house_of_asmodeus, nicolae_danse_macabre,
          minmay_staircase_bubble
Depths:3: minmay_strange_plus, layout_honeycomb,
          nicolae_hell_entry_hellmouth_sunbeams, hex_medium, abyss_entry,
          infiniplex_staircase_pillars_2, serial_bayou_shore_b, uniq_boris
Depths:4: grunt_x_marks_the_spot, layout_cave_shapes, enter_ziggurat_f,
          serial_shops, bzr_entry_customers, nzn_wu_jian_contemplation,
          grunt_hell_entry_dis_grunt, minmay_guarded_unrand_zonguldrok,
          uniq_grunn, uniq_jory
Hell
Dis:1:    layout_subdivisions, hangedman_dis_chains, glass_columns_b
Tar:1:    layout_grid_maze
Tar:2:    layout_honeycomb
Tar:3:    layout_honeycomb, evilmike_ambush [evilmike_ambush_outer_pillars,
          evilmike_ambush_inner_basic]
Tar:4:    layout_cathedral_of_symmetry, tekkud_tar_snaking_path
Tar:5:    layout_catacombs
Tar:6:    layout_catacombs, nicolae_tar_honey_rotating
Zot:1:    layout_gridville
Zot:2:    layout_onion_interference, regret_index_zotdec_misc_clamp
Zot:3:    layout_onion_interference, grunt_megastairs_1
Zot:4:    grunt_deathspiral_small, layout_onion_interference,
          regret_index_zotdec_magical_s, uniq_josephina
Zot:5:    layout_twisted_circle, grunt_ministairs_7
Abyss:7:  base: Vaults:3, evilmike_abyss_exit_17, hangedman_decor_peaks_small,
          evilmike_abyss_exit_4, evilmike_abyss_exit_8,
          spicy_abyss_unhelpful_harpoons, bh_silent_lugonu_exit, base: D:8,
          base: Zot:1, base: Snake:2, base: Orc:1, evilmike_abyss_exit_14,
          hangedman_abyss_overflow_altar, hangedman_abyss_or_decor_stabs,
          hangedman_abyss_town, bh_abyss_exit_grid, hangedman_abyss_theft

Skill      XL: |  1  2  3  4  5  6  7  8  9 10 11 12 13 14 15 16 17 18 19 20 21 22 23 24 25 26 27 |
---------------+----------------------------------------------------------------------------------+-----
Axes           | 3 5 6 7 9 12 13 15 17 18 19 20 21 22 23 24 26 27 | 27.0
Fighting       | 4 5 6 7 8 11 13 16 17 18 19 20 21 22 23 24 25 27 | 27.0
Armour         | 4 5 6 7 8 10 11 12 13 14 15 17 19 20 21 27 | 27.0
Shields        | 4 5 6 9 12 15 17 19 20 22 23 24 25 27 | 27.0
Invocations    | 3 6 8 10 12 13 14 15 16 17 18 19 27 | 27.0
Throwing       | 1 2 3 4 5 6 7 8 10 17 | 17.8
Dodging        | 1 2 14 | 14.3
Long Blades    | 1 |  1.4
Evocations     | 4 5 7 9 10 12 | 12.3
Summonings     | 1 |  1.5
Fire Magic     | 1 |  1.9
Hexes          | 1 |  1.6
Conjurations   | 1 |  1.6
Ice Magic      | 1 |  1.3
Staves         | 1 |  1.3
Earth Magic    | 1 |  1.0
Necromancy     | 1 |  1.1
Translocations | 3 |  3.2
Spellcasting   | 2 |  2.6
Alchemy        | |  0.8

Action                     |  1- 3 |  4- 6 |  7- 9 | 10-12 | 13-15 | 16-18 | 19-21 | 22-24 | 25-27 || total
---------------------------+-------+-------+-------+-------+-------+-------+-------+-------+-------++-------
  Melee: War axe           |    87 |    75 |   257 |    63 |       |       |       |       |       ||   482
         Broad axe         |       |       |       |   512 |  1073 |  1280 |   752 |  1069 |  3343 ||  8029
         Flail             |       |       |       |       |    30 |       |       |       |       ||    30
         Scimitar          |       |       |       |       |    55 |       |       |       |       ||    55
  Throw: Javelin           |       |     4 |    10 |    22 |     7 |     4 |       |       |    16 ||    63
         Boomerang         |       |       |       |    42 |   213 |   192 |     8 |    12 |   203 ||   670
 Invoke: Purification      |       |       |     1 |     5 |     2 |     3 |     3 |       |       ||    14
         Heal Self         |       |       |     1 |     9 |       |     3 |       |       |     1 ||    14
         Heal Other        |       |       |       |     3 |     2 |       |       |       |       ||     5
         Divine Vigour     |       |       |       |     2 |     2 |     3 |     4 |       |     1 ||    12
         Vitalisation      |       |       |       |       |       |       |       |       |    11 ||    11
         Recite            |       |       |       |       |       |       |       |       |     8 ||     8
         Divine Shield     |       |       |       |       |       |       |       |       |     5 ||     5
         Sanctuary         |       |       |       |       |       |       |       |       |     3 ||     3
         Summon Divine War |       |       |       |       |       |       |       |       |     3 ||     3
         Donate Gold       |       |       |       |       |       |       |       |       |     1 ||     1
         Cleansing Flame   |       |       |       |       |       |       |       |       |     1 ||     1
         Brand Weapon With |       |       |       |       |       |       |       |       |     1 ||     1
Ability: Evoke Blink       |       |       |       |       |       |       |     2 |       |       ||     2
  Evoke: Wand              |       |     1 |       |     6 |     6 |     2 |       |       |     5 ||    20
         Phantom mirror    |       |       |       |       |       |     1 |       |       |       ||     1
         Sack of spiders   |       |       |       |       |       |     1 |       |       |       ||     1
         Condenser vane    |       |       |       |       |       |       |     1 |       |       ||     1
    Use: Scroll            |     6 |       |    10 |     5 |     8 |     9 |     3 |     8 |    18 ||    67
         Potion            |       |     1 |     2 |     2 |     2 |       |     1 |     2 |    20 ||    30
   Stab: Invisible         |       |       |       |     2 |     1 |     2 |       |       |       ||     5
         Distracted        |       |       |       |     1 |       |     1 |       |       |     6 ||     8
         Held in net/web   |       |       |       |       |       |     1 |       |       |       ||     1
         Confused          |       |       |       |       |       |       |       |       |     4 ||     4
 Armour: Scale mail        |    59 |    54 |    15 |       |       |       |       |       |       ||   128
         Plate armour      |       |       |   195 |   519 |  1050 |   445 |       |       |       ||  2209
         Chain mail        |       |       |       |       |   177 |       |       |       |       ||   177
         Crystal plate arm |       |       |       |       |       |   334 |   501 |   528 |  1380 ||  2743
  Dodge: Dodged            |    49 |    32 |    62 |   160 |   383 |   193 |   119 |   135 |   576 ||  1709
         Repelled          |       |       |       |       |       |       |     2 |    12 |    62 ||    76
  Block: Buckler           |    20 |     9 |    48 |   145 |   319 |   137 |       |       |       ||   678
         Tower shield      |       |       |       |       |       |  1157 |   827 |   815 |  3051 ||  5850
         Reflection        |       |       |       |       |       |   152 |    50 |       |       ||   202

Table legend: (Time is in decaauts)
 A = Elapsed time spent in this place.
 B = Non-inter-level travel time spent in this place.
 C = Inter-level travel time spent in this place.
 D = Time resting spent in this place.
 E = Time spent auto-exploring this place.
 F = Levels seen in this place.
 G = Mean time per level.
                   A        B        C        D        E       F      G
               +--------+--------+--------+--------+--------+-----+--------+
         Total |  71392 |  64317 |   7075 |   1392 |  42009 |  79 |  903.7 |
       Dungeon |  16616 |  14097 |   2519 |    164 |  10439 |  15 | 1107.7 |
        Temple |     26 |     13 |     13 |      0 |      0 |   1 |   26.0 |
          Lair |   8667 |   7948 |    719 |      4 |   6178 |   5 | 1733.4 |
        Shoals |   3873 |   3531 |    342 |      0 |   2648 |   4 |  968.2 |
     Snake Pit |   6151 |   5805 |    346 |    148 |   3396 |   4 | 1537.8 |
    Slime Pits |   1208 |   1208 |      0 |     65 |    333 |   5 |  241.6 |
  Orcish Mines |   1572 |   1500 |     72 |      0 |    846 |   2 |  786.0 |
   Elven Halls |   3065 |   2846 |    219 |      0 |   2000 |   3 | 1021.7 |
        Vaults |   6684 |   5631 |   1053 |      0 |   3951 |   5 | 1336.8 |
         Crypt |   2670 |   2513 |    157 |      0 |   1825 |   3 |  890.0 |
        Depths |   5415 |   4542 |    873 |    208 |   2743 |   4 | 1353.8 |
          Hell |   1060 |    922 |    138 |      0 |    363 |   1 | 1060.0 |
           Dis |     13 |     13 |      0 |      0 |      0 |   1 |   13.0 |
      Tartarus |   2434 |   2372 |     62 |    277 |   1184 |   6 |  405.7 |
           Zot |   6360 |   5803 |    557 |    241 |   3948 |   5 | 1272.0 |
         Abyss |   2647 |   2647 |      0 |    212 |    840 |   8 |  330.9 |
        Bazaar |    274 |    274 |      0 |      0 |    153 |   1 |  274.0 |
         Trove |    109 |    109 |      0 |      0 |      0 |   1 |  109.0 |
         Sewer |    330 |    330 |      0 |      0 |    245 |   1 |  330.0 |
        Bailey |    444 |    444 |      0 |      0 |    128 |   1 |  444.0 |
       Volcano |    481 |    481 |      0 |      0 |    282 |   1 |  481.0 |
        Wizlab |    611 |    611 |      0 |      0 |    322 |   1 |  611.0 |
      Gauntlet |    675 |    675 |      0 |     72 |    182 |   1 |  675.0 |
               +--------+--------+--------+--------+--------+-----+--------+

Top non-repeatable levels by time:
  Lair:5: 2342 daAuts
 Snake:4: 2269 daAuts
   Zot:4: 1966 daAuts
Depths:4: 1856 daAuts
  Lair:2: 1803 daAuts
  Lair:4: 1721 daAuts
 Snake:1: 1630 daAuts
   Zot:5: 1585 daAuts
    D:10: 1559 daAuts
 Snake:3: 1524 daAuts
Vaults:5: 1508 daAuts
     D:9: 1490 daAuts
  Lair:1: 1486 daAuts
Vaults:1: 1467 daAuts
    D:13: 1427 daAuts
